 Dungeon Crawl Stone Soup version 0.23.2 (webtiles) character file.

Game seed: 17419912294314992391

212 Borgoz the Skirmisher (level 5, -11/33 HPs)
             Began as a Gargoyle Fighter on Apr 9, 2019.
             Mangled by an ogre
             ... wielding a +0 giant club
              (21 damage)
             ... on level 4 of the Dungeon.
             The game lasted 00:05:14 (3000 turns).

Borgoz the Skirmisher (Gargoyle Fighter)            Turns: 3000, Time: 00:05:15

Health: -11/33     AC: 11    Str: 25    XL:     5   Next: 89%
Magic:  5/5        EV: 11    Int:  8    God:
Gold:   233        SH:  0    Dex: 10    Spells: 4/4 levels left

rFire    . . .     SeeInvis +   a - +0 rapier
rCold    . . .     Gourm    +   (no shield)
rNeg     + . .     Faith    .   b - +0 scale mail
rPois    ∞         Spirit   .   (no helmet)
rElec    +         Reflect  .   (no cloak)
rCorr    .         Harm     .   (no gloves)
MR       .....                  (no boots)
Stlth    ..........             q - amulet of the gourmand
HPRegen  0.11/turn              i - ring of see invisible
MPRegen  0.09/turn              (no ring)

@: mighty
A: negative energy resistance 1, electricity resistance, unbreathing,
petrification resistance, rot immunity, AC +4
a: no special abilities


You were on level 4 of the Dungeon.
You were very full.

You visited 1 branch of the dungeon, and saw 4 of its levels.

You collected 233 gold pieces.

Inventory:

Hand Weapons
 a - a +0 rapier (weapon)
Missiles
 r - 3 tomahawks (quivered)
Armour
 b - a +0 scale mail (worn)
 c - a +0 shield
 l - a cursed +0 ring mail
Jewellery
 i - a ring of see invisible (left hand)
 q - an amulet of the gourmand (around neck)
 A - a +1 ring of protection {unknown}
Scrolls
 e - 2 scrolls of teleportation {unknown}
 g - 2 scrolls of remove curse {unknown}
 h - 3 scrolls of enchant armour {unknown}
 j - 8 scrolls of identify {unknown}
 n - a scroll of random uselessness {unknown}
 s - a scroll of fear {unknown}
 t - a scroll of enchant weapon {unknown}
 v - a scroll of noise {unknown}
 w - a scroll of amnesia {unknown}
 x - a scroll of fog {unknown}
 y - a scroll of blinking {unknown}
Potions
 k - a potion of curing
 m - a potion of flight {unknown}
 o - a potion of mutation {unknown}
 p - a potion of ambrosia {unknown}
 u - a potion of resistance {unknown}
 z - a potion of heal wounds {unknown}
 B - a potion of agility {unknown}
Comestibles
 f - 10 rations


   Skills:
 + Level 4.1 Fighting
 + Level 2.6 Short Blades
 + Level 4.0 Armour
 * Level 2.4 Dodging
 + Level 2.3 Stealth
 - Level 3.2 Shields


You had 4 spell levels left.
You didn't know any spells.
Your spell library was empty.

Dungeon Overview and Level Annotations

Branches:
Dungeon (4/15)
 Temple: D:4-7

Altars:
Elyvilon
Qazlal
Vehumet
Wu Jian
Yredelemnul


Innate Abilities, Weirdness & Mutations

You are resistant to torment.
Your stone body is resilient. (AC +4)
You are immune to poison.
You resist negative energy. (rN+)
You are resistant to electric shocks. (rElec)
You can survive without breathing.
You are immune to petrification.
You are immune to rotting.


Message History

You hit the ogre.
The ogre is lightly wounded.
The ogre hits you with a +0 giant club!!
Ouch! That really hurt!
* * * LOW HITPOINT WARNING * * *
Okay, then.
You aren't carrying any items that you can evoke.
It was a potion of curing.
You feel better. The ogre closely misses you.
You feel very mighty all of a sudden.
You barely miss the ogre.
The ogre is lightly wounded.
The ogre completely misses you.
You puncture the ogre!
The ogre is moderately wounded.
The ogre closely misses you.
Your scale mail prevents you from hitting the ogre.
The ogre is moderately wounded.
The ogre hits you with a +0 giant club!!
Ouch! That really hurt!
You die...

#... ######..
#......#
#####.####.#######
..................
######.##.#######
#.##.# # #.##.# .#
#<##@# ##.#
####O#########...# #
##'#........... .#
#....#######.# ..#
#....######..#...#
#................#
###.########......#
#.....###.........#
#.#...O...###.......


You could see an ogre.

Vanquished Creatures
  An orc wizard (D:3)
  A howler monkey skeleton (D:2)
  7 adders
  An ooze (D:3)
  An adder skeleton (D:4)
  An adder zombie (D:3)
  2 worms
  4 dart slugs
  5 leopard geckos
  7 orcs (D:3)
  7 giant cockroaches
  10 goblins
  7 hobgoblins
  7 kobolds
  2 ball pythons (D:2)
  6 bats
  5 frilled lizards
  6 rats
80 creatures vanquished.

Notes
Turn   | Place    | Note
-------+----------+-------------------------------------------
     0 | D:1      | Borgoz the Gargoyle Fighter began the quest for the Orb.
     0 | D:1      | Reached XP level 1. HP: 14/14 MP: 1/1
   328 | D:1      | Reached XP level 2. HP: 15/19 MP: 2/2
   788 | D:1      | Reached skill level 1 in Dodging
   819 | D:1      | Reached skill level 1 in Stealth
  1049 | D:2      | Reached XP level 3. HP: 23/23 MP: 3/3
  1322 | D:2      | Found a basalt altar of Yredelemnul.
  1378 | D:2      | Reached XP level 4. HP: 29/29 MP: 4/4
  1464 | D:2      | Found a stormy altar of Qazlal.
  1506 | D:2      | Found an ornate altar of the Wu Jian Council.
  1835 | D:2      | Found a radiant altar of Vehumet.
  1987 | D:3      | Reached XP level 5. HP: 29/33 MP: 5/5
  2373 | D:3      | Found a white marble altar of Elyvilon.
  2964 | D:4      | Noticed an ogre
  3000 | D:4      | Mangled by an ogre

Skill      XL: |  1  2  3  4  5 |
---------------+----------------+-----
Short Blades   | 2 |  2.6
Dodging        | 1 2 |  2.4
Stealth        | 1 2 |  2.3
Fighting       | 4 |  4.1
Armour         | 4 |  4.0
Shields        | |  3.2

Action                   |  1- 3 |  4- 6 || total
-------------------------+-------+-------++-------
Melee: Rapier            |   126 |   198 ||   324
  Use: Potion            |       |     2 ||     2
  Eat: Chunk             |     2 |    17 ||    19
Armor: Scale mail        |    68 |   106 ||   174
Dodge: Dodged            |    66 |   105 ||   171
